 Dungeon Crawl Stone Soup version 0.29.1-15-g9cfb28693d (webtiles) character file.

Game seed: 14216994209174162715

87 386 the Shield-Bearer (level 4, 0/41 HPs)
             Began as a Gnoll Fighter on Mar 26, 2023.
             Slain by Grinder (1 damage)
             ... on level 3 of the Dungeon.
             The game lasted 00:03:07 (1595 turns).

386 the Shield-Bearer (Gnoll Fighter)               Turns: 1595, Time: 00:03:08

Health: 0/41       AC:  7    Str: 18    XL:     4   Next: 51%
Magic:  5/5        EV:  9    Int:  7    God:
Gold:   153        SH:  5    Dex: 11    Spells: 5/5 levels left

rFire   . . .      SeeInvis .   a - +0 trident
rCold   . . .      Faith    .   c - +0 buckler
rNeg    . . .      Spirit   .   b - +0 scale mail
rPois   .          Reflect  .   (no helmet)
rElec   .          Harm     .   (no cloak)
rCorr   .          Rampage  .   (no gloves)
Will    .....                   (no boots)
Stlth   ..........              (no amulet)
HPRegen 0.13/turn               (no ring)
MPRegen 0.09/turn               (no ring)

@: hasted, very quick
A: fangs 1, strong nose, distributed training
a: no special abilities


You were on level 3 of the Dungeon.
You visited 1 branch of the dungeon, and saw 3 of its levels.

You collected 153 gold pieces.

Inventory:

Hand Weapons
 a - a +0 trident (weapon)
Armour
 b - a +0 scale mail (worn)
 c - a +0 buckler (worn)
Wands
 j - a wand of flame (15)
Scrolls
 f - a scroll of vulnerability {unknown}
 g - 2 scrolls of butterflies {unknown}
 i - a scroll of enchant armour {unknown}
 k - a scroll of teleportation {unknown}
 m - a scroll of poison {unknown}
 n - a scroll of immolation {unknown}
Potions
 d - a potion of might
 h - a potion of resistance {unknown}
 l - a potion of heal wounds


   Skills:
 + Level 6.6 Fighting
 + Level 1.2 Short Blades
 + Level 1.2 Long Blades
 + Level 1.2 Axes
 + Level 1.2 Maces & Flails
 + Level 4.7 Polearms
 + Level 1.2 Staves
 + Level 1.2 Ranged Weapons
 + Level 1.2 Throwing
 + Level 6.6 Armour
 + Level 1.2 Dodging
 + Level 1.2 Stealth
 + Level 6.6 Shields
 + Level 1.2 Unarmed Combat
 + Level 1.2 Spellcasting
 + Level 1.0 Conjurations
 + Level 1.0 Hexes
 + Level 1.0 Summonings
 + Level 1.0 Necromancy
 + Level 1.0 Translocations
 + Level 1.0 Transmutations
 + Level 1.0 Fire Magic
 + Level 1.0 Ice Magic
 + Level 1.0 Air Magic
 + Level 1.0 Earth Magic
 + Level 1.0 Poison Magic
 + Level 1.3 Invocations
 + Level 1.2 Evocations


You had 5 spell levels left.
You didn't know any spells.
Your spell library contained the following spells:

 Spells                   Type           Power      Damage    Failure   Level
 Cause Fear               Hex            0%         N/A       100%        4
 Dragon Form              Tmut           0%         N/A       100%        7
 Dragon's Call            Summ           0%         N/A       100%        9


Dungeon Overview and Level Annotations

Branches:
Dungeon (3/15)

Altars:

Shops:
D:2 (   D:3 *

Annotations:
D:2 1 runed translucent door, Crazy Yiuf
D:3 Grinder


Innate Abilities, Weirdness & Mutations

You have very sharp teeth.
Your uncanny sense of smell can sniff out nearby items.
Your experience applies equally to all skills.


Message History

The hobgoblin no longer looks unusually strong.
The goblin hits you but does no damage.
You are too injured to fight recklessly!
You puncture the hobgoblin!
You kill the hobgoblin!
The goblin hits you but does no damage. The goblin hits you with a +0 club.
You closely miss the hobgoblin.
The hobgoblin hits you but does no damage.
The goblin barely misses you. The goblin hits you but does no damage.
You closely miss the hobgoblin.
The hobgoblin hits you but does no damage.
The goblin hits you with a +0 club.
You hit the hobgoblin.
The hobgoblin is almost dead.
The goblin closely misses you.
You hit the hobgoblin.
You kill the hobgoblin!
The goblin hits you but does no damage. You block the goblin's attack.
You closely miss the goblin. You block the goblin's attack.
The goblin hits you but does no damage.
You closely miss the goblin. The goblin hits you but does no damage.
You are too injured to fight recklessly!
You are too injured to fight recklessly!
You are too injured to fight recklessly!
The goblin unwields a +0 club.
The goblin wields a +0 sling.
The goblin shoots a sling bullet.
You block the sling bullet.
Things that are here:
a +0 club; a hobgoblin corpse; a hobgoblin corpse You closely miss Grinder.
Grinder is severely wounded.
Grinder gestures at you. You resist with significant effort.
The goblin hits you with a +0 club.
You completely miss Grinder.
Grinder is severely wounded.
The goblin shoots a sling bullet.
The sling bullet hits you.
* * * LOW HITPOINT WARNING * * *
Grinder hits you!
* * * LOW HITPOINT WARNING * * *
You writhe in agony.
You die...

.g##...##.. .........
##g.....#
..###.$....####.
.......#g.|..... ...
#.g...# ....#.###)#
#.....###.# ##
..#.gg.@.## .. .# ..
##.##g5.## .#... .
#.......###.#... ∆
#.###..........# ##
.. #..........# ∆.#.
#. ####.......# ....
. #.......# ..#.
#.......###...
..######.............


You could see Grinder, a hobgoblin and 2 goblins.

Vanquished Creatures
  Robin (D:3)
  2 adders
  A worm (D:2)
  A dart slug (D:2)
  8 ball pythons
  3 bats
  3 endoplasms
  8 goblins
  13 hobgoblins
  A kobold (D:1)
  2 quokkas (D:1)
  A frilled lizard (D:3)
  4 rats
48 creatures vanquished.

Notes
Turn   | Place    | Note
-------+----------+-------------------------------------------
     0 | D:1      | 386 the Gnoll Fighter began the quest for the Orb.
     0 | D:1      | Reached XP level 1. HP: 23/23 MP: 1/1
   246 | D:1      | Reached XP level 2. HP: 29/29 MP: 2/2
   255 | D:1      | Found a faded altar of an unknown god.
   522 | D:1      | Reached XP level 3. HP: 34/35 MP: 3/3
   875 | D:2      | Reached skill level 1 in Invocations
   938 | D:2      | Reached skill level 1 in Short Blades
   938 | D:2      | Reached skill level 1 in Long Blades
   938 | D:2      | Reached skill level 1 in Axes
   938 | D:2      | Reached skill level 1 in Maces & Flails
   938 | D:2      | Reached skill level 1 in Staves
   938 | D:2      | Reached skill level 1 in Ranged Weapons
   938 | D:2      | Reached skill level 1 in Throwing
   938 | D:2      | Reached skill level 1 in Dodging
   938 | D:2      | Reached skill level 1 in Stealth
   938 | D:2      | Reached skill level 1 in Unarmed Combat
   938 | D:2      | Reached skill level 1 in Spellcasting
   938 | D:2      | Reached skill level 1 in Evocations
  1085 | D:2      | Found a runed translucent door.
  1086 | D:2      | Noticed Crazy Yiuf
  1178 | D:2      | Found Wuill's Weapon Emporium.
  1468 | D:3      | Found Sonigin's General Store.
  1490 | D:3      | Reached XP level 4. HP: 39/41 MP: 5/5
  1526 | D:3      | Noticed Grinder
  1544 | D:3      | Noticed Robin
  1544 | D:3      | Paralysed by Grinder for 4 turns
  1572 | D:3      | Killed Robin
  1573 | D:3      | Reached skill level 1 in Conjurations
  1573 | D:3      | Reached skill level 1 in Hexes
  1573 | D:3      | Reached skill level 1 in Summonings
  1573 | D:3      | Reached skill level 1 in Necromancy
  1573 | D:3      | Reached skill level 1 in Translocations
  1573 | D:3      | Reached skill level 1 in Transmutations
  1573 | D:3      | Reached skill level 1 in Fire Magic
  1573 | D:3      | Reached skill level 1 in Ice Magic
  1573 | D:3      | Reached skill level 1 in Air Magic
  1573 | D:3      | Reached skill level 1 in Earth Magic
  1573 | D:3      | Reached skill level 1 in Poison Magic
  1595 | D:3      | HP: 1/41 [Grinder (9)]
  1595 | D:3      | Slain by Grinder

Illustrated notes

Levels and vault maps discovered:
D:1:      reono_arrival_mine, layout_basic, hellmonk_ecumenical_altar_run_dry
D:2:      layout_rooms, serial_shops, nicolae_shop_statue_plus,
          uniq_crazy_yiuf_cottage
D:3:      layout_rooms, chequers_temple_overflow_statue_of_worship,
          serial_shops, nicolae_shop_hallway_plus, nicolae_shop_waterfront,
          shop_fountains, uniq_grinder, uniq_robin

Skill      XL: |  1  2  3  4 |
---------------+-------------+-----
Invocations    | 1 |  1.3
Short Blades   | 1 |  1.2
Long Blades    | 1 |  1.2
Axes           | 1 |  1.2
Maces & Flails | 1 |  1.2
Staves         | 1 |  1.2
Ranged Weapons | 1 |  1.2
Throwing       | 1 |  1.2
Dodging        | 1 |  1.2
Stealth        | 1 |  1.2
Unarmed Combat | 1 |  1.2
Spellcasting   | 1 |  1.2
Evocations     | 1 |  1.2
Conjurations   | 1 |  1.0
Hexes          | 1 |  1.0
Summonings     | 1 |  1.0
Necromancy     | 1 |  1.0
Translocations | 1 |  1.0
Transmutations | 1 |  1.0
Fire Magic     | 1 |  1.0
Ice Magic      | 1 |  1.0
Air Magic      | 1 |  1.0
Earth Magic    | 1 |  1.0
Poison Magic   | 1 |  1.0
Fighting       | |  6.6
Polearms       | |  4.7
Armour         | |  6.6
Shields        | |  6.6

Action                   |  1- 3 |  4- 6 || total
-------------------------+-------+-------++-------
Melee: Trident           |   118 |    48 ||   166
       Bite              |    11 |     3 ||    14
  Use: Potion            |       |     2 ||     2
Armor: Scale mail        |    37 |    43 ||    80
Dodge: Dodged            |    28 |    33 ||    61
Block: Buckler           |    19 |    11 ||    30
